 Dungeon Crawl Stone Soup version 0.28-a0-1159-g27aa881441 (webtiles) character file.

Game seed: 762283673825893280

84 SensoryNuts the Skirmisher (level 4, 0/35 HPs)
             Began as a Demonspawn Fighter on Dec 15, 2021.
             Slain by a centaur (1 damage)
             ... on level 3 of the Dungeon.
             The game lasted 00:03:37 (1818 turns).

SensoryNuts the Skirmisher (Demonspawn Fighter)     Turns: 1818, Time: 00:03:37

Health: 0/35       AC: 12    Str: 19    XL:     4   Next: 23%
Magic:  4/4        EV:  9    Int:  9    God:
Gold:   113        SH:  8    Dex: 12    Spells: 3/3 levels left

rFire   . . .      SeeInvis .   a - +0 long sword
rCold   . . .      Faith    .   c - +0 buckler
rNeg    . . .      Spirit   .   b - +0 scale mail
rPois   .          Reflect  .   (helmet restricted)
rElec   .          Harm     .   (no cloak)
rCorr   .          Rampage  .   (no gloves)
Will    .....                   (no boots)
Stlth   ..........              (no amulet)
HPRegen 0.11/turn               (no ring)
MPRegen 0.09/turn               (no ring)

@: mighty, sanguine armoured
A: horns 1, sanguine armour 1, condensation shield
a: no special abilities


You were on level 3 of the Dungeon.
You visited 1 branch of the dungeon, and saw 3 of its levels.

You collected 113 gold pieces.

Inventory:

Hand Weapons
 a - a +0 long sword (weapon)
 e - a +0 great sword
Armour
 b - a +0 scale mail (worn)
 c - a +0 buckler (worn)
Scrolls
 i - a scroll of holy word
 j - a scroll of identify


   Skills:
 + Level 3.3 Fighting
 + Level 2.5 Long Blades
 + Level 3.2 Armour
 + Level 0.8 Dodging
 + Level 3.3 Shields


You had 3 spell levels left.
You didn't know any spells.
Your spell library was empty.

Dungeon Overview and Level Annotations

Branches:
Dungeon (3/15)

Altars:
Ashenzari

Shops:
D:1 (


Innate Abilities, Weirdness & Mutations

You have a pair of small horns on your head.
When seriously injured, your blood forms armour. (AC +6)
A meltable shield of frost defends you. (SH +4)


Message History

A goblin is nearby!
A goblin is nearby!
A centaur comes into view.
The centaur shouts!
A giant cockroach comes into view.
The centaur wields a +0 shortbow.
The centaur shoots an arrow.
You block the arrow.
Found a chain mail.
The centaur shoots an arrow.
The arrow hits you.
A ball python comes into view.
The ball python hisses angrily.
The centaur shoots an arrow.
The arrow hits you. The goblin hits you but does no damage.
You slash the goblin!
You kill the goblin!
The centaur shoots an arrow.
You block the arrow.
The centaur shoots an arrow.
You block the arrow.
You barely miss the giant cockroach.
The centaur shoots an arrow.
The arrow closely misses you.
You block the giant cockroach's attack. x2
You closely miss the giant cockroach.
The giant cockroach bites you but does no damage.
The ball python barely misses you. The ball python closely misses you.
The giant cockroach closely misses you.
You slash the ball python!
You kill the ball python!
The centaur shoots an arrow.
The arrow hits you!
Your blood congeals into armour.
The centaur shoots an arrow.
The arrow hits you!
* * * LOW HITPOINT WARNING * * *
You block the giant cockroach's attack.
You are too injured to fight recklessly!
You are too injured to fight recklessly!
You feel very mighty all of a sudden.
The centaur shoots an arrow.
The arrow hits you.
* * * LOW HITPOINT WARNING * * *
The giant cockroach bites you but does no damage.
The centaur shoots an arrow.
You block the arrow.
The giant cockroach bites you but does no damage.
Unknown command.
The centaur unwields a +0 shortbow.
The centaur hits you.
You die...

#...##.........#
+....#.........#
#....#.........# #
####............
#.######....####+#..
................
.................
#...........####.#
#.....c@B#### .
#........#
#........#
#........#
#.........
#...[......
#..........
##.........#


You could see a centaur and a giant cockroach.

Vanquished Creatures
  3 adders
  A worm (D:2)
  2 dart slugs (D:1)
  5 bats (D:1)
  5 endoplasms (D:1)
  4 giant cockroaches
  2 goblins
  5 hobgoblins
  5 kobolds
  A quokka (D:2)
  5 ball pythons
  2 frilled lizards
  7 rats
47 creatures vanquished.

Vanquished Creatures (others)
  2 plants (D:1)
2 creatures vanquished.

Grand Total: 49 creatures vanquished

Notes
Turn   | Place    | Note
-------+----------+-------------------------------------------
     0 | D:1      | SensoryNuts the Demonspawn Fighter began the quest for the
                  | Orb.
     0 | D:1      | Reached XP level 1. HP: 18/18 MP: 1/1
   181 | D:1      | Gained mutation: A meltable shield of frost defends you.
                  | (SH +4) [demonic ancestry]
   181 | D:1      | Reached XP level 2. HP: 20/24 MP: 2/2
   254 | D:1      | Found Lusaomm's Antique Weapon Shoppe.
   847 | D:1      | Gained mutation: You have a pair of small horns on your
                  | head. [demonic ancestry]
   847 | D:1      | Reached XP level 3. HP: 27/29 MP: 3/3
  1244 | D:2      | Gained mutation: When seriously injured, your blood forms
                  | armour. (AC +6) [demonic ancestry]
  1244 | D:2      | Reached XP level 4. HP: 25/35 MP: 4/4
  1441 | D:2      | Found a broken altar of Ashenzari.
  1810 | D:3      | Noticed a centaur
  1817 | D:3      | HP: 1/35 [centaur/arrow (6)]
  1818 | D:3      | Slain by a centaur

Illustrated notes

Levels and vault maps discovered:
D:1:      scummos_arrival_simple_fountains, layout_basic, serial_shops,
          nicolae_shop_competitors_out_of_business, minmay_misc_feat_hallway,
          serial_bayou_lake_a
D:2:      layout_basic, basic_altar
D:3:      layout_basic, serial_shops, nicolae_shop_waterfront

Skill      XL: |  1  2 |
---------------+-------+-----
Armour         | 3 |  3.2
Shields        | 3 |  3.3
Long Blades    | 2 |  2.5
Fighting       | |  3.3
Dodging        | |  0.8

Action                   |  1- 3 |  4- 6 || total
-------------------------+-------+-------++-------
Melee: Long sword        |   128 |    16 ||   144
       Headbutt          |     5 |     3 ||     8
  Use: Potion            |       |     4 ||     4
       Scroll            |       |     3 ||     3
Armor: Scale mail        |    80 |     5 ||    85
Dodge: Dodged            |    69 |     9 ||    78
Block: Buckler           |    83 |     9 ||    92

Table legend: (Time is in decaauts)
 A = Elapsed time spent in this place.
 B = Non-inter-level travel time spent in this place.
 C = Inter-level travel time spent in this place.
 D = Time resting spent in this place.
 E = Time spent auto-exploring this place.
 F = Levels seen in this place.
 G = Mean time per level.
                   A        B        C        D        E       F      G
               +--------+--------+--------+--------+--------+-----+--------+
         Total |   1905 |   1811 |     94 |      0 |   1368 |   3 |  635.0 |
       Dungeon |   1905 |   1811 |     94 |      0 |   1368 |   3 |  635.0 |
               +--------+--------+--------+--------+--------+-----+--------+

Top non-repeatable levels by time:
     D:1: 1007 daAuts
     D:2: 843 daAuts
     D:3: 53 daAuts
